 Dungeon Crawl Stone Soup version 0.29.0-4-gdea44cf6ec (webtiles) character file.

Game seed: 17509399007908577210

394 qw the Gouger (level 6, -1/28 HPs)
             Began as a Felid Delver on Aug 27, 2022.
             Slain by a phantom (5 damage)
             ... on level 6 of the Dungeon.
             The game lasted 00:00:38 (5683 turns).

qw the Gouger (Felid Delver)                        Turns: 5683, Time: 00:00:38

Health: -1/28      AC:  2    Str:  8    XL:     6   Next: 52%
Magic:  7/7        EV: 22    Int: 12    God:
Gold:   458        SH:  0    Dex: 19    Spells: 5/5 levels left
                                        Lives:  0   Deaths: 2

rFire   . . .      SeeInvis +     - Unarmed
rCold   . . .      Faith    .   (shield unavailable)
rNeg    . . .      Spirit   .   (body armour unavailable)
rPois   .          Reflect  .   (helmet unavailable)
rElec   .          Harm     .   (cloak unavailable)
rCorr   +          Rampage  .   (gloves unavailable)
Will    .....                   (boots unavailable)
Stlth   ++++......              h - amulet of regeneration
HPRegen 0.89/turn               f - ring of resist corrosion
MPRegen 0.10/turn               (no ring)

@: quick
A: very small, claws 1, fangs 3, see invisible, speed 1, shaggy fur 2, stealthy
paws, no weapons or thrown items, no armour, multi-lived
a: no special abilities


You were on level 6 of the Dungeon.
You visited 1 branch of the dungeon, and saw 6 of its levels.

You collected 511 gold pieces.
You spent 53 gold pieces at shops.


Innate Abilities, Weirdness & Mutations

You have sharp claws.
You have razor-sharp teeth.
You have supernaturally acute eyesight. (SInv)
You cover ground quickly. (Speed+)
You are covered in thick fur. (AC +2)
Your paws help you pounce on unaware monsters.
You are incapable of wielding weapons or throwing items.
You cannot wear armour.
You gain extra lives every three experience levels.


   Skills:
 + Level 3.7 Fighting
 - Level 7.6 Dodging
 - Level 6.6 Stealth
 - Level 8.1 Unarmed Combat


You had 5 spell levels left.
You didn't know any spells.
Your spell library was empty.

Inventory:

Jewellery
 f - a ring of resist corrosion (left paw)
 h - an amulet of regeneration (around neck)
Wands
 e - a wand of digging (3)
Scrolls
 i - 4 scrolls of identify
Potions
 a - a potion of resistance
 b - 2 potions of might
 c - 6 potions of curing
 d - a potion of haste
 j - a potion of cancellation

Dungeon Overview and Level Annotations

Branches:
Dungeon (6/15)
 Temple: D:4-7

Altars:
Ashenzari
Cheibriados
Nemelex Xobeh
Sif Muna

Shops:
D:1 *   D:4 (


Message History

The killer bee is heavily wounded.
The killer bee stings you. The killer bee barely misses you.
You scratch the killer bee.
The killer bee is almost dead.
The killer bee stings you.
You hear an angry growl.
You claw the killer bee!
You kill the killer bee!
The killer bee completely misses you.
A phantom comes into view.
You closely miss the killer bee. The killer bee misses you.
The killer bee barely misses you. The killer bee misses you.
The killer bee closely misses you.
You miss the killer bee. You claw the killer bee.
Your bite misses the killer bee.
The killer bee is moderately wounded.
The killer bee barely misses you. The killer bee misses you.
The killer bee stings you! The killer bee barely misses you.
You closely miss the killer bee.
The killer bee is moderately wounded.
The black bear is no longer berserk.
The killer bee barely misses you. The killer bee completely misses you.
You claw the killer bee!
The killer bee is almost dead.
The killer bee misses you. The killer bee stings you!
The killer bee completely misses you. The killer bee misses you.
You scratch the killer bee but do no damage.
Your claw misses the killer bee. Your bite misses the killer bee.
The killer bee is almost dead.
The killer bee misses you. x2; The killer bee completely misses you. x2
You scratch the killer bee.
You kill the killer bee!
The killer bee stings you!
You scratch the phantom but do no damage.
The phantom is severely damaged.
The killer bee misses you. x2; The phantom misses you.
You scratch the phantom. You bite the phantom.
The phantom is severely damaged.
The killer bee barely misses you. The phantom hits you.
You die...

###############.
#.......@.W.....
#...?...Wy.####. #######
#.<.....?h.####..##......
#...........#.......###%.
#..................##


#hy ###..##########W.?.... ..W. #...##### #..#...##..## ###.#.>......
.....#.#..# ####....######## ...###.#.. You could see a black bear (slow), 3
phantoms and a killer bee.

Vanquished Creatures
  2 water moccasins (D:5)
  A black bear (D:5)
  2 ogres (D:5)
  6 scorpions
  3 killer bees (D:6)
  A hound (D:5)
  A jelly (D:5)
  An iguana (D:4)
  9 adders
  A dart slug (D:3)
  7 orcs
  9 ball pythons
  9 bats
  10 endoplasms
  5 giant cockroaches
  6 goblins
  3 hobgoblins
  A jackal (D:3)
  5 quokkas
  A frilled lizard (D:3)
  5 kobolds
  7 rats
95 creatures vanquished.

Vanquished Creatures (others)
  A plant (D:1)
1 creature vanquished.

Grand Total: 96 creatures vanquished

Notes
Turn   | Place    | Note
-------+----------+-------------------------------------------
     0 | D:5      | qw the Felid Delver began the quest for the Orb.
     0 | D:5      | Reached XP level 1. HP: 10/10 MP: 2/2
     0 | D:5      | 0 ||| qw: Version: 0.1-a-89-g26bdef1
     0 | D:5      | 0 ||| qw: Game counter: 129
     0 | D:5      | 0 ||| qw: Always use a shield: true
     0 | D:5      | 0 ||| qw: God list: Okawaru, Trog
     0 | D:5      | 0 ||| qw: Allow faded altars: false
     0 | D:5      | 0 ||| qw: Do Orc after D:15 true
     0 | D:5      | 0 ||| qw: Do second Lair branch before Depths: true
     0 | D:5      | 0 ||| qw: Lair rune preference: random
     0 | D:5      | 0 ||| qw: Plans: Normal
     0 | D:5      | 0 ||| PLANNING D:1-11
     0 | D:5      | 0 ||| DROPPING scroll of fog.
     1 | D:5      | 1 ||| DROPPING scroll of magic mapping.
     2 | D:5      | 2 ||| DROPPING scroll of fear.
   190 | D:4      | Found a shimmering blue altar of Sif Muna.
   207 | D:4      | 207 ||| Stepping ~*~*~tactically~*~*~ (stealth).
   216 | D:4      | Reached skill level 3 in Unarmed Combat
   216 | D:4      | Reached XP level 2. HP: 14/14 MP: 3/3
   326 | D:4      | Found a sparkling altar of Nemelex Xobeh.
   577 | D:4      | 577 ||| READING scroll labelled KIFAAK OXTURGH.
   578 | D:4      | 578 ||| DRINKING 2 purple potions.
   579 | D:4      | 579 ||| DROPPING potion of flight.
   602 | D:3      | Reached skill level 3 in Dodging
   620 | D:3      | 620 ||| Stepping ~*~*~tactically~*~*~ (stealth).
   621 | D:3      | 621 ||| Stepping ~*~*~tactically~*~*~ (stealth).
   633 | D:3      | 633 ||| Stepping ~*~*~tactically~*~*~ (stealth).
   635 | D:3      | 635 ||| Stepping ~*~*~tactically~*~*~ (stealth).
   636 | D:3      | 636 ||| Stepping ~*~*~tactically~*~*~ (stealth).
   638 | D:3      | 638 ||| Stepping ~*~*~tactically~*~*~ (stealth).
   640 | D:3      | 640 ||| Stepping ~*~*~tactically~*~*~ (stealth).
   641 | D:3      | 641 ||| Stepping ~*~*~tactically~*~*~ (stealth).
   648 | D:3      | 648 ||| Stepping ~*~*~tactically~*~*~ (stealth).
   654 | D:3      | 654 ||| Stepping ~*~*~tactically~*~*~ (stealth).
   656 | D:3      | 656 ||| Stepping ~*~*~tactically~*~*~ (stealth).
   658 | D:3      | 658 ||| Stepping ~*~*~tactically~*~*~ (stealth).
   664 | D:3      | 664 ||| Stepping ~*~*~tactically~*~*~ (stealth).
   666 | D:3      | 666 ||| Stepping ~*~*~tactically~*~*~ (stealth).
   668 | D:3      | 668 ||| Stepping ~*~*~tactically~*~*~ (stealth).
   670 | D:3      | 670 ||| Stepping ~*~*~tactically~*~*~ (stealth).
   674 | D:3      | 674 ||| Stepping ~*~*~tactically~*~*~ (stealth).
   679 | D:3      | 679 ||| Stepping ~*~*~tactically~*~*~ (stealth).
   681 | D:3      | 681 ||| Stepping ~*~*~tactically~*~*~ (stealth).
   683 | D:3      | 683 ||| Stepping ~*~*~tactically~*~*~ (stealth).
   685 | D:3      | 685 ||| Stepping ~*~*~tactically~*~*~ (stealth).
   688 | D:3      | 688 ||| Stepping ~*~*~tactically~*~*~ (stealth).
   690 | D:3      | 690 ||| Stepping ~*~*~tactically~*~*~ (stealth).
   692 | D:3      | 692 ||| Stepping ~*~*~tactically~*~*~ (stealth).
   845 | D:3      | Identified the +8 quarterstaff of Etinapho {vorpal, Int+3}
   857 | D:3      | 857 ||| READING scroll labelled LOBRUOMUUS.
   858 | D:3      | 858 ||| DRINKING 2 bubbling silvery potions.
   859 | D:3      | 859 ||| DROPPING potion of brilliance.
  1080 | D:2      | 1080 ||| READING scroll labelled WAEKHL ISTOFIOC.
  1121 | D:1      | Reached XP level 3. HP: 17/17 MP: 4/4
  1418 | D:1      | Found Udaffos's Assorted Antiques.
  1429 | D:1      | 1429 ||| SHOPLISTING clouded brass ring (95 gold, have 64).
  1429 | D:1      | 1429 ||| BUYING murky orange potion (17 gold).
  1429 | D:1      | Bought a murky orange potion for 17 gold pieces
  1429 | D:1      | 1429 ||| BUYING orange potion (17 gold).
  1429 | D:1      | Bought an orange potion for 17 gold pieces
  1429 | D:1      | 1429 ||| SHOPLISTING potion of haste (190 gold, have 30).
  1429 | D:1      | 1429 ||| BUYING scroll labelled DUFIOV VEPT (19 gold).
  1429 | D:1      | Bought a scroll labelled DUFIOV VEPT for 19 gold pieces
  1429 | D:1      | 1429 ||| SHOPLISTING smoky pink potion (17 gold, have 11).
  1936 | D:1      | 1936 ||| UPGRADING to amulet of regeneration.
  1941 | D:1      | 1941 ||| READING scroll labelled DUFIOV VEPT.
  1942 | D:1      | 1942 ||| READING 3 scrolls labelled AXKEME DIUBI.
  1943 | D:1      | 1943 ||| DRINKING 3 murky orange potions.
  1944 | D:1      | 1944 ||| DRINKING 3 smoky pink potions.
  1945 | D:1      | 1945 ||| DRINKING 2 orange potions.
  1946 | D:1      | 1946 ||| DROPPING potion of degeneration.
  1947 | D:1      | 1947 ||| DROPPING 2 scrolls of noise.
  2017 | D:2      | Reached skill level 4 in Unarmed Combat
  2131 | D:2      | Reached XP level 4. HP: 20/21 MP: 5/5
  2500 | D:2      | 2500 ||| READING scroll labelled AFUARI YCSI.
  2601 | D:2      | 2601 ||| READING scroll labelled UXASMA ETECWOI.
  2604 | D:2      | 2604 ||| DRINKING 2 grey potions.
  2605 | D:2      | 2605 ||| READING 2 scrolls of identify.
  2605 | D:2      | 2605 ||| IDENTIFYING emerald potion
  2700 | D:3      | 2700 ||| Stepping ~*~*~tactically~*~*~ (stealth).
  3008 | D:3      | 3008 ||| Stepping ~*~*~tactically~*~*~ (stealth).
  3024 | D:3      | 3024 ||| Stepping ~*~*~tactically~*~*~ (stealth).
  3026 | D:3      | 3026 ||| Stepping ~*~*~tactically~*~*~ (stealth).
  3033 | D:3      | 3033 ||| Stepping ~*~*~tactically~*~*~ (stealth).
  3034 | D:3      | 3034 ||| Stepping ~*~*~tactically~*~*~ (stealth).
  3035 | D:3      | 3035 ||| Stepping ~*~*~tactically~*~*~ (stealth).
  3037 | D:3      | 3037 ||| Stepping ~*~*~tactically~*~*~ (stealth).
  3039 | D:3      | 3039 ||| Stepping ~*~*~tactically~*~*~ (stealth).
  3042 | D:3      | 3042 ||| Stepping ~*~*~tactically~*~*~ (stealth).
  3044 | D:3      | 3044 ||| Stepping ~*~*~tactically~*~*~ (stealth).
  3046 | D:3      | 3046 ||| Stepping ~*~*~tactically~*~*~ (stealth).
  3063 | D:3      | 3063 ||| Stepping ~*~*~tactically~*~*~ (stealth).
  3071 | D:3      | 3071 ||| Stepping ~*~*~tactically~*~*~ (stealth).
  3073 | D:3      | 3073 ||| Stepping ~*~*~tactically~*~*~ (stealth).
  3075 | D:3      | 3075 ||| Stepping ~*~*~tactically~*~*~ (stealth).
  3531 | D:3      | 3531 ||| READING scroll labelled MOWOVU WAOXYOK.
  3532 | D:3      | 3532 ||| READING scroll labelled ELOITEAPSO.
  3533 | D:3      | 3533 ||| DRINKING 2 sapphire potions.
  3534 | D:3      | 3534 ||| DROPPING potion of attraction.
  3535 | D:3      | 3535 ||| READING scroll of teleportation.
  3830 | D:4      | Found a snail-covered altar of Cheibriados.
  3973 | D:4      | Found Naph's Weapon Shoppe.
  4031 | D:4      | Reached XP level 5. HP: 24/24 MP: 6/6
  4199 | D:4      | Reached skill level 5 in Unarmed Combat
  4199 | D:4      | HP: 6/24 [poisoned by a scorpion]
  4204 | D:4      | HP: 5/24 [poisoned by a scorpion]
  4473 | D:4      | 4473 ||| DROPPING ring of flight.
  4606 | D:5      | Noticed a black bear
  4614 | D:5      | HP: 4/24 [black bear (7)]
  4614 | D:5      | HP: 1/24 [black bear (3)]
  4616 | D:5      | Killed a black bear
  4617 | D:5      | Gained mutation: You are covered in thick fur. (AC +2)
                  | [Felid growth]
  4617 | D:5      | Reached XP level 6. HP: 3/28 MP: 7/7
  4843 | D:5      | Found a broken altar of Ashenzari.
  4863 | D:5      | Reached skill level 6 in Unarmed Combat
  4989 | D:5      | Reached skill level 6 in Dodging
  5210 | D:5      | Reached XP level 7. HP: 31/31 MP: 8/8
  5269 | D:5      | 5269 ||| Stepping ~*~*~tactically~*~*~ (stealth).
  5286 | D:5      | Reached skill level 7 in Unarmed Combat
  5562 | D:5      | 5562 ||| UPGRADING to ring of resist corrosion.
  5563 | D:5      | 5563 ||| DRINKING 2 yellow potions.
  5564 | D:5      | 5564 ||| DROPPING potion of invisibility.
  5605 | D:6      | 5605 ||| Stepping ~*~*~tactically~*~*~ (stealth).
  5610 | D:6      | Reached XP level 8. HP: 34/34 MP: 9/9
  5620 | D:6      | 5620 ||| Stepping ~*~*~tactically~*~*~ (outnumbered).
  5621 | D:6      | 5621 ||| Stepping ~*~*~tactically~*~*~ (outnumbered).
  5622 | D:6      | 5622 ||| Stepping ~*~*~tactically~*~*~ (outnumbered).
  5624 | D:6      | 5624 ||| Stepping ~*~*~tactically~*~*~ (outnumbered).
  5625 | D:6      | 5625 ||| Stepping ~*~*~tactically~*~*~ (outnumbered).
  5625 | D:6      | HP: 7/34 [poisoned by a killer bee]
  5626 | D:6      | 5626 ||| Stepping ~*~*~tactically~*~*~ (outnumbered).
  5628 | D:6      | 5628 ||| Stepping ~*~*~tactically~*~*~ (outnumbered).
  5630 | D:6      | HP: 4/34 [poisoned by a killer bee]
  5630 | D:6      | Slain by a killer bee
  5631 | D:6      | Reached XP level 7. HP: -2/31 MP: 8/8
  5647 | D:6      | Reached skill level 8 in Unarmed Combat
  5649 | D:6      | HP: 4/31 [killer bee (4)]
  5650 | D:6      | Slain by a killer bee
  5651 | D:6      | Reached XP level 6. HP: 0/28 MP: 7/7
  5681 | D:6      | HP: 2/28 [killer bee (7)]
  5683 | D:6      | Slain by a phantom

Levels and vault maps discovered:
D:1:      eino_arrival_water_cross, layout_loops_ring, serial_shops, shop_coins
D:2:      layout_loops_ring
D:3:      minmay_thinvault, layout_loops_ring
D:4:      cheibrodos_helix_gallery, layout_basic, lemuel_doored_altar,
          chei_slow_surprise, nemelex_diamond_rough_becter, serial_shops,
          shop_coins, chequers_serial_rivers_large_a, kennysheep_generic_room_15
D:5:      minmay_diamond_boxcup, layout_basic, evilmike_ruin_ashenzari
D:6:      layout_rooms, nicolae_overflow_hidden_temple,
          nicolae_shop_unique_rings, minmay_tree_intersection

Skill      XL: |  1  2  3  4  5  6  7 |
---------------+----------------------+-----
Unarmed Combat | 3 4 5 6 8 |  8.1
Dodging        | 3 4 5 6 7 |  7.6
Fighting       | |  3.7
Stealth        | |  6.6

Action                   |  1- 3 |  4- 6 |  7- 9 || total
-------------------------+-------+-------+-------++-------
Melee: Unarmed           |    78 |   169 |    77 ||   324
       Bite              |     6 |    16 |    10 ||    32
       Punch             |     1 |     9 |     5 ||    15
  Use: Scroll            |     5 |     6 |       ||    11
       Potion            |     5 |     2 |     1 ||     8
 Stab: Sleeping          |    10 |    11 |     3 ||    24
       Invisible         |       |       |     1 ||     1
Armor: Skin              |     3 |     5 |     7 ||    15
Dodge: Dodged            |    38 |   121 |    78 ||   237

Table legend:
 A = Non-vault XP
 B = Vault XP
 C = Vault XP percentage of total XP
 D = Non-vault monster count
 E = Vault monster count
 F = Vault count percentage of total count
                 A         B        C        D         E       F
            +---------+---------+-------+---------+---------+-------
      Total |    1028 |     676 |  39.7 |      72 |      23 |  24.2
            +---------+---------+-------+---------+---------+-------
        D:1 |      25 |       0 |   0.0 |      16 |       0 |   0.0
        D:2 |      46 |       0 |   0.0 |      14 |       0 |   0.0
        D:3 |      33 |      32 |  49.2 |      12 |      13 |  52.0
        D:4 |     169 |      15 |   8.2 |      15 |       2 |  11.8
        D:5 |     465 |     629 |  57.5 |      10 |       8 |  44.4
        D:6 |     290 |       0 |   0.0 |       5 |       0 |   0.0
            +---------+---------+-------+---------+---------+-------
